 Dungeon Crawl Stone Soup version 0.30-a0-596-g0af90f9a20 (webtiles) character file.

Game seed: 9979431461330955783

73 kiwi3s the Chopper (level 4, -6/41 HPs)
             Began as a Minotaur Berserker on Jan 6, 2023.
             Was a Believer of Trog.
             Mangled by a gnoll
             ... wielding a +0 flail
              (12 damage)
             ... on level 2 of the Dungeon.
             The game lasted 00:00:53 (835 turns).

kiwi3s the Chopper (Minotaur Berserker)              Turns: 835, Time: 00:00:54

Health: -6/41      AC:  2    Str: 24    XL:     4   Next: 8%
Magic:  3/3        EV: 12    Int:  4    God:    Trog [**....]
Gold:   81         SH:  0    Dex:  9    Spells: 3/3 levels left

rFire   . . .      SeeInvis .    a - +0 hand axe
rCold   . . .      Faith    .    (no shield)
rNeg    . . .      Spirit   .    b - +0 animal skin
rPois   .          Reflect  .    (helmet restricted)
rElec   .          Harm     .    (no cloak)
rCorr   .          Rampage  .    (no gloves)
Will    .....                    (no boots)
Stlth   +                        (no amulet)
HPRegen 0.26/turn                (no ring)
MPRegen 0.08/turn                (no ring)

@: no status effects
A: horns 2, retaliatory headbutt
a: Renounce Religion, Berserk, Trog's Hand


You were on level 2 of the Dungeon.
You worshipped Trog.
Trog was pleased with you.
You visited 1 branch of the dungeon, and saw 2 of its levels.

You collected 81 gold pieces.

Inventory:

Hand Weapons
 a - a +0 hand axe (weapon)
Missiles
 j - 5 boomerangs of dispersal (quivered)
Armour
 b - a +0 animal skin (worn)
Jewellery
 l - a ring of willpower
Scrolls
 c - a scroll of fear {unknown}
 e - 2 scrolls of immolation {unknown}
 g - a scroll of vulnerability {unknown}
 h - a scroll of torment {unknown}
Potions
 d - a potion of mutation {unknown}
 f - 2 potions of curing {unknown}
 i - a potion of flight {unknown}
 k - a potion of heal wounds {unknown}
 m - a potion of degeneration {unknown}
 n - a potion of berserk rage {unknown}


   Skills:
 + Level 4.6 Fighting
 + Level 4.7 Axes
 + Level 2.7 Armour
 + Level 2.6 Dodging
 + Level 0.1 Stealth


You had 3 spell levels left.
You didn't know any spells.
Your spell library was empty.

Dungeon Overview and Level Annotations

Branches:
Dungeon (2/15)

Altars:


Innate Abilities, Weirdness & Mutations

You have a pair of horns on your head.
You reflexively headbutt those who attack you in melee.


Message History

You closely miss the adder.
You feel sick.
The gnoll shouts!
You hear a shout!
The adder closely misses you. You furiously retaliate!
You headbutt the adder!
You kill the adder!
Trog accepts your kill. The gnoll misses you. You furiously retaliate!
You headbutt the gnoll!
You kill the gnoll!
Trog accepts your kill.
You hit the gnoll. You headbutt the gnoll!
The gnoll is almost dead.
You feel sick.
The gnoll throws a throwing net.
The throwing net closely misses you. The gnoll barely misses you.
Unknown command.
You hit the gnoll.
You kill the gnoll!
Trog accepts your kill.
You can now call upon Trog for regeneration and willpower.
You feel sick.
The gnoll throws a throwing net.
The throwing net hits you.
You become entangled in the net!
You have reached level 4!
You feel stronger.
You are held in a net!
Unknown command.
You are held in a net!
You feel sick.
A gnoll comes into view. It is wielding a +0 flail.
You struggle against the net.
You feel sick.
You are no longer poisoned.
The gnoll hits you with a +0 flail.
You struggle against the net.
The gnoll hits you with a +0 flail.
Unknown command.
You tear a large gash into the net.
The gnoll hits you with a +0 flail.
* * * LOW HITPOINT WARNING * * *
The gnoll hits you with a +0 flail.
* * * LOW HITPOINT WARNING * * *
Unknown command.
You rip the net and break free!
A rat comes into view.
The gnoll hits you with a +0 flail!
You die...

##....
.....##
>....
......# ....
......# ....
....... ....
(....
#...#... .
#.##)g##.#
#$##@g#..#
#.##†...#
#.#...### .#
#.......##.#
#..........
#.......r...
#.......####
#......##
#.......#


You could see 2 gnolls and a rat (wandering).

Vanquished Creatures
  2 gnolls (D:2)
  3 adders (D:2)
  A worm (D:2)
  A ball python (D:1)
  2 endoplasms
  A giant cockroach (D:1)
  2 goblins (D:1)
  3 hobgoblins (D:1)
  2 kobolds (D:2)
  A quokka (D:1)
  A bat (D:1)
  9 frilled lizards (D:1)
28 creatures vanquished.

Vanquished Creatures (others)
  7 plants (D:1)
7 creatures vanquished.

Grand Total: 35 creatures vanquished

Notes
Turn   | Place    | Note
-------+----------+-------------------------------------------
     0 | D:1      | kiwi3s the Minotaur Berserker began the quest for the Orb.
     0 | D:1      | Reached XP level 1. HP: 19/19 MP: 0/0
   319 | D:1      | Reached XP level 2. HP: 24/27 MP: 1/1
   802 | D:2      | Reached XP level 3. HP: 32/34 MP: 2/2
   830 | D:2      | Reached ** piety under Trog
   831 | D:2      | Reached XP level 4. HP: 25/41 MP: 3/3
   835 | D:2      | Mangled by a gnoll

Illustrated notes

Levels and vault maps discovered:
D:1:      roderic_chinese_lattice_arrival, layout_loops_ring, minmay_lizard_king
D:2:      layout_rooms

Skill      XL: |  1  2 |
---------------+-------+-----
Axes           | 4 |  4.7
Fighting       | 4 |  4.6
Armour         | |  2.7
Dodging        | |  2.6
Stealth        | |  0.1

Action                   |  1- 3 |  4- 6 || total
-------------------------+-------+-------++-------
Melee: Hand axe          |    65 |       ||    65
       Headbutt          |     7 |       ||     7
Armor: Animal skin       |    11 |       ||    11
Dodge: Dodged            |    50 |       ||    50

Table legend: (Time is in decaauts)
 A = Elapsed time spent in this place.
 B = Non-inter-level travel time spent in this place.
 C = Inter-level travel time spent in this place.
 D = Time resting spent in this place.
 E = Time spent auto-exploring this place.
 F = Levels seen in this place.
 G = Mean time per level.
                   A        B        C        D        E       F      G
               +--------+--------+--------+--------+--------+-----+--------+
         Total |    841 |    815 |     26 |     57 |    611 |   2 |  420.5 |
       Dungeon |    841 |    815 |     26 |     57 |    611 |   2 |  420.5 |
               +--------+--------+--------+--------+--------+-----+--------+

Top non-repeatable levels by time:
     D:1: 787 daAuts
     D:2: 54 daAuts
